 Dungeon Crawl Stone Soup version 0.30-a0-339-g89bb51ec76 (webtiles) character file.

Game seed: 9655251905934781072

5977 treertat the Basher (level 10, -8/101 HPs)
             Began as a Minotaur Cinder Acolyte on Oct 31, 2022.
             Was an Elder of Ignis.
             Mangled by an orc knight
             ... wielding a +0 battleaxe
              (19 damage)
             ... in a bailey.
             The game lasted 00:19:22 (8179 turns).

treertat the Basher (Minotaur Cinder Acolyte)       Turns: 8179, Time: 00:19:22

Health: -8/101     AC:  7    Str: 24    XL:     10   Next: 55%
Magic:  0/10       EV: 11    Int: 11    God:    Ignis [****..]
Gold:   637        SH:  0    Dex: 11    Spells: 11/11 levels left

rFire   + + +      SeeInvis .    C - +1 flail (drain)
rCold   . . .      Faith    .    (no shield)
rNeg    + . .      Spirit   +    u - +3 leather armour
rPois   .          Reflect  .    (helmet restricted)
rElec   .          Harm     .    f - +0 cloak {rCorr}
rCorr   +          Rampage  .    (no gloves)
Will    .....                    (no boots)
Stlth   +.........               x - amulet of Dim Light {Spirit rF++}
HPRegen 0.36/turn                s - ring of positive energy
MPRegen 0.12/turn                A - +6 ring of strength

@: mighty, marked
A: horns 2, retaliatory headbutt
a: Renounce Religion, Fiery Armour, Foxfire Swarm, Rising Flame


You were in a bailey.
You worshipped Ignis.
Ignis was greatly pleased with you.
You visited 1 branch of the dungeon, and saw 9 of its levels.
You also visited: Bailey.

You collected 637 gold pieces.

Inventory:

Hand Weapons
 a - a +0 mace of flaming
 C - a +1 flail of draining (weapon)
 E - a +0 arbalest
Armour
 f - a +0 cloak of preservation (worn)
 k - a +0 plate armour
 u - a +3 leather armour (worn)
 G - a +0 troll leather armour
Magical Staves
 m - a staff of death
Jewellery
 c - a +6 ring of intelligence
 d - a +6 ring of intelligence
 e - a ring of ice
 j - a ring of poison resistance
 s - a ring of positive energy (left hand)
 x - the amulet of Dim Light (around neck) {Spirit rF++}
   (You found it on level 5 of the Dungeon)

   [amulet of guardian spirit]

   It causes incoming damage to be divided between your reserves of health and
   magic.
   rF:        It greatly protects you from fire.
 A - a +6 ring of strength (right hand)
 H - a ring of flight
Wands
 o - a wand of acid (16)
 p - a wand of mindburst (2)
 B - a wand of digging (4)
 F - a wand of charming (6)
Scrolls
 g - a scroll of summoning
 h - 3 scrolls of identify
 i - 3 scrolls of blinking
 l - 4 scrolls of teleportation
 y - 2 scrolls of magic mapping
 D - a scroll of enchant weapon
Potions
 b - a potion of might
 n - 3 potions of curing
 q - 3 potions of heal wounds {unknown}
 r - a potion of magic {unknown}
 v - 2 potions of haste
 w - 3 potions of mutation {unknown}
 z - a potion of brilliance {unknown}
 I - 2 potions of flight


   Skills:
 + Level 13.6 Fighting
 - Level 14.0 Maces & Flails
 - Level 1.0 Spellcasting
 - Level 2.1 Fire Magic


You had 11 spell levels left.
You didn't know any spells.
Your spell library contained the following spells:

 Spells                   Type           Power      Damage    Failure   Level
 Scorch                   Fire           10%        2d6       22%         2
 Kiss of Death            Conj/Necr      0%         2d5       36%         1
 Confusing Touch          Hex            0%         N/A       73%         3
 Airstrike                Air            0%         2d(0-16)  98%         4
 Anguish                  Hex/Necr       0%         N/A       98%         4
 Dispel Undead            Necr           0%         3d6       98%         4
 Leda's Liquefaction      Hex/Erth       0%         N/A       98%         4
 Summon Lightning Spire   Summ/Air       0%         N/A       98%         4
 Agony                    Necr           0%         N/A       100%        5
 Lee's Rapid Deconstruct  Erth           0%         3d4*      100%        5
 Lightning Bolt           Conj/Air       0%         1d11      100%        5
 Statue Form              Tmut/Erth      0%         N/A       100%        6


Dungeon Overview and Level Annotations

Branches:
Dungeon (9/15)             Temple (0/1) D:5          Bailey (1/1)
   Lair: D:8-11         Orc: D:9-12

Altars:
Dithmenos
Elyvilon
Wu Jian

Shops:
D:2 !   D:8 *


Innate Abilities, Weirdness & Mutations

You have a pair of horns on your head.
You reflexively headbutt those who attack you in melee.


Message History

v - 2 potions of haste The orc knight pulls the alarm!
The alarm trap emits a blaring wail!
A sentinel's mark forms upon you.
Okay, then.
The orc knight roars a battlecry!
Things that are here:
a +0 broad axe; a +0 chain mail You feel very mighty all of a sudden.
You sock the orc knight! You drain the orc knight.
The orc knight is moderately wounded.
The orc knight hits you with a +0 war axe!
An orc knight comes into view. It is wielding a +0 battleaxe.
You sock the orc knight! You drain the orc knight.
The orc knight is severely wounded.
The orc knight hits you with a +0 war axe!
The orc knight roars a battlecry!
The orc knight goes into a battle-frenzy!
You sock the orc knight! You headbutt the orc knight.
You kill the orc knight!
You bludgeon the orc!!
You kill the orc!
A hobgoblin comes into view. It is wielding a +0 war axe.
The orc knight hits you with a +0 battleaxe!!
Things that are here:
a +0 war axe; a +0 chain mail You barely miss the orc knight.
The orc knight hits you with a +0 battleaxe!
You hit the orc knight. You drain the orc knight. You headbutt the orc knight.
The orc knight is moderately wounded.
The orc knight hits you with a +0 battleaxe!!!
* * * LOW HITPOINT WARNING * * *
You hit the orc knight. You drain the orc knight.
Your headbutt misses the orc knight.
The orc knight is moderately wounded.
You sock the orc knight!
The orc knight is severely wounded.
The hobgoblin barely misses you.
The orc knight hits you with a +0 battleaxe!!
You die...

###...)....~≈≈≈≈≈≈≈.#
##.......~≈≈≈≈≈≈≈≈≈≈≈≈≈#
##)(....~≈≈≈≈#########≈≈≈≈#
##..)(~≈≈≈≈≈≈K#.oo!...#K≈≈≈≈
#≈≈≈≈≈≈≈~≈~.####.......#
##≈≈
#≈≈≈≈≈≈≈≈.....#..####'####
.#.~
######......###.....o...
###.....#.'go##
#.......###)@#
.....⌠.)).#).#
##.........#)##
##.......()..#########.
####.......)..........
#############.##### .# .# #


You could see an orc knight (strong, drained) and a hobgoblin.

Vanquished Creatures
  A two-headed ogre (D:6)
  An orc knight (Bailey)
  A troll (D:8)
  A wyvern (D:6)
  Menkaure (D:6)
  4 water moccasins
  4 ice beasts
  11 orc warriors
  An ogre (D:5)
  A centaur (D:7)
  A phantom (D:5)
  Blork the orc (D:4)
  A kobold brigand (D:8)
  2 necrophages
  4 bullfrogs
  6 scorpions
  7 wights
  5 killer bees (D:8)
  5 howler monkeys
  2 jellies
  2 orc priests (D:6)
  2 hounds (D:5)
  3 gnoll boudas
  Ijyb (D:4)
  An iguana (D:6)
  8 orc wizards
  17 gnolls
  3 adders
  An ufetubus (D:6)
  A dart slug (D:4)
  34 orcs
  7 endoplasms
  4 giant cockroaches
  9 goblins
  8 hobgoblins
  4 jackals
  4 quokkas
  7 ball pythons
  9 bats
  4 frilled lizards
  18 kobolds
  5 rats
212 creatures vanquished.

Vanquished Creatures (others)
  2 yaks (D:9)
  21 foxfires (D:6)
23 creatures vanquished.

Grand Total: 235 creatures vanquished

Notes
Turn   | Place    | Note
-------+----------+-------------------------------------------
     0 | D:1      | treertat the Minotaur Cinder Acolyte began the quest for
                  | the Orb.
     0 | D:1      | Reached XP level 1. HP: 19/19 MP: 1/1
   125 | D:1      | Reached skill level 4 in Maces & Flails
   173 | D:1      | Reached XP level 2. HP: 10/27 MP: 2/2
   617 | D:1      | Reached XP level 3. HP: 33/33 MP: 3/3
   792 | D:2      | Found a faded altar of an unknown god.
  1008 | D:2      | Reached skill level 5 in Maces & Flails
  1044 | D:2      | Found Leitus's Distillery.
  1452 | D:2      | Reached XP level 4. HP: 36/41 MP: 4/4
  1835 | D:3      | Identified a scroll of acquirement
  1835 | D:3      | Acquired a +0 cloak of preservation
  2036 | D:3      | Got the Catalogue of Iniquitous Magic
  2608 | D:4      | Noticed Ijyb
  2622 | D:4      | Killed Ijyb
  2907 | D:4      | Noticed Blork the orc
  2919 | D:4      | Killed Blork the orc
  2920 | D:4      | Reached skill level 5 in Fighting
  2920 | D:4      | Reached skill level 6 in Maces & Flails
  2920 | D:4      | Reached XP level 5. HP: 9/48 MP: 5/5
  3247 | D:4      | Reached skill level 7 in Maces & Flails
  3436 | D:5      | Entered Level 5 of the Dungeon
  3465 | D:5      | Noticed a phantom
  3470 | D:5      | Killed a phantom
  3471 | D:5      | Reached XP level 6. HP: 56/57 MP: 6/6
  3637 | D:5      | Identified the amulet of Dim Light {Spirit rF++}
  3696 | D:5      | Reached skill level 8 in Maces & Flails
  3770 | D:5      | Reached XP level 7. HP: 64/64 MP: 7/7
  3774 | D:5      | Found a staircase to the Ecumenical Temple.
  4226 | D:5      | Reached skill level 9 in Maces & Flails
  4505 | D:5      | Reached XP level 8. HP: 67/73 MP: 8/8
  4520 | D:5      | Reached skill level 10 in Maces & Flails
  4827 | D:6      | Noticed a two-headed ogre
  4842 | D:6      | Killed a two-headed ogre
  4843 | D:6      | Reached skill level 11 in Maces & Flails
  5297 | D:6      | Noticed Menkaure
  5304 | D:6      | Reached skill level 12 in Maces & Flails
  5304 | D:6      | Reached XP level 9. HP: 53/82 MP: 9/9
  5308 | D:6      | Killed Menkaure
  5894 | D:6      | Reached skill level 13 in Maces & Flails
  6254 | D:6      | Reached skill level 10 in Fighting
  6431 | D:7      | Found a white marble altar of Elyvilon.
  6432 | D:7      | Found a shadowy altar of Dithmenos.
  6433 | D:7      | Found an ornate altar of the Wu Jian Council.
  6744 | D:8      | Reached skill level 14 in Maces & Flails
  6839 | D:8      | Reached XP level 10. HP: 23/95 MP: 5/10
  7554 | D:8      | Found Yrorecuo's General Store.
  7866 | D:9      | Found a flagged portal.
  7886 | Bailey   | Entered a bailey
  8165 | Bailey   | Noticed an orc knight
  8171 | Bailey   | Noticed an orc knight
  8173 | Bailey   | Killed an orc knight
  8179 | Bailey   | Mangled by an orc knight

Illustrated notes

Levels and vault maps discovered:
D:1:      evilmike_arrival_crescent, layout_basic
D:2:      layout_loops_ring, dreamdust_ecumenical_altar_statues,
          serial_aquarium, aquarium_bridge_straight [aquarium_subvault_bridge,
          aquarium_subvault_window, aquarium_subvault_bridge,
          aquarium_subvault_wall], aquarium_window_2, aquarium_window_3,
          aquarium_window_1, aquarium_window_2, aquarium_view_2f,
          aquarium_balcony_5b, serial_shops, nicolae_diamond_shop,
          minmay_quadrilaterals
D:3:      layout_basic
D:4:      layout_loops_cross, uniq_ijyb, uniq_blork_the_orc
D:5:      layout_loops_ring, minmay_temple_entry_junction_2,
          hangedman_decor_points
D:6:      layout_cave_pods, uniq_menkaure
D:7:      layout_rooms, chequers_temple_overflow_statue_of_worship
D:8:      kennysheep_blocky_room, layout_rooms, serial_shops, shop
D:9:      layout_stronghold, enter_bailey_7, lemuel_flamethrower_2
Bailey:   bailey_axe_4, bailey

Skill      XL: |  1  2  3  4  5  6  7  8  9 10 |
---------------+-------------------------------+-----
Maces & Flails | 4 5 6 7 8 9 12 14 | 14.0
Fighting       | 4 5 6 7 8 11 13 | 13.6
Spellcasting   | |  1.0
Fire Magic     | |  2.1

Action                   |  1- 3 |  4- 6 |  7- 9 | 10-12 || total
-------------------------+-------+-------+-------+-------++-------
Melee: Mace              |    96 |    73 |   146 |       ||   315
       Headbutt          |     6 |    10 |    32 |    23 ||    71
       Long sword        |       |    21 |       |       ||    21
       Punch             |       |     1 |     2 |       ||     3
       Flail             |       |       |   105 |   138 ||   243
Throw: Boomerang         |    11 |       |       |       ||    11
Invok: Fiery Armour      |     1 |     2 |     1 |       ||     4
       Foxfire Swarm     |       |       |     1 |       ||     1
  Use: Scroll            |       |     7 |     1 |     3 ||    11
       Potion            |       |     4 |     2 |     1 ||     7
Armor: Robe              |    17 |       |       |       ||    17
       Leather armour    |    13 |     6 |    81 |    28 ||   128
       Plate armour      |       |    52 |       |       ||    52
Dodge: Dodged            |    74 |    32 |   142 |    58 ||   306

Table legend: (Time is in decaauts)
 A = Elapsed time spent in this place.
 B = Non-inter-level travel time spent in this place.
 C = Inter-level travel time spent in this place.
 D = Time resting spent in this place.
 E = Time spent auto-exploring this place.
 F = Levels seen in this place.
 G = Mean time per level.
                   A        B        C        D        E       F      G
               +--------+--------+--------+--------+--------+-----+--------+
         Total |   8135 |   7848 |    287 |   1490 |   4793 |  10 |  813.5 |
       Dungeon |   7861 |   7574 |    287 |   1422 |   4715 |   9 |  873.4 |
        Bailey |    274 |    274 |      0 |     68 |     78 |   1 |  274.0 |
               +--------+--------+--------+--------+--------+-----+--------+

Top non-repeatable levels by time:
     D:6: 1671 daAuts
     D:5: 1155 daAuts
     D:8: 1043 daAuts
     D:2: 939 daAuts
     D:4: 889 daAuts
     D:3: 858 daAuts
     D:1: 778 daAuts
     D:7: 370 daAuts
  Bailey: 274 daAuts
     D:9: 153 daAuts
